 Dungeon Crawl Stone Soup version 0.30-a0-760-g5a9884bb7c (webtiles) character file.

Game seed: 15955116251482657838

86 BigDaddyOpFi the Shooter (level 4, 0/39 HPs)
             Began as an Armataur Hunter on Feb 10, 2023.
             Slain by a white imp (2 damage)
             ... summoned by Natasha
             ... on level 2 of the Dungeon.
             The game lasted 00:02:09 (1275 turns).

BigDaddyOpFi the Shooter (Armataur Hunter)          Turns: 1275, Time: 00:02:10

Health: 0/39       AC:  9    Str: 19    XL:     4   Next: 26%
Magic:  4/4        EV:  8    Int:  9    God:
Gold:   65         SH:  0    Dex: 13    Spells: 3/3 levels left

rFire   . . .      SeeInvis .    c - +0 falchion
rCold   + . .      Faith    .    (no shield)
rNeg    . . .      Spirit   .    k - +0 scale mail
rPois   .          Reflect  .    l - +2 helmet
rElec   .          Harm     .    (no cloak)
rCorr   .          Roll     +    (no gloves)
Will    .....                    (no barding)
Stlth   +                        (no amulet)
HPRegen 0.26/turn                j - ring of protection from cold
MPRegen 0.09/turn                (no ring)

@: slowed, very slow
A: large, rugged brown scales 3, deformed body, armoured tail, roll, long
tongue, awkward tongue
a: no special abilities


You were on level 2 of the Dungeon.
You visited 1 branch of the dungeon, and saw 2 of its levels.

You collected 65 gold pieces.

Inventory:

Hand Weapons
 a - a +0 shortbow
 c - a +0 falchion (weapon)
 g - a +0 dagger
Armour
 k - a +0 scale mail (worn)
 l - a +2 helmet (worn)
Jewellery
 j - a ring of protection from cold (left hand)
Scrolls
 b - 2 scrolls of immolation
 d - a scroll of enchant armour {unknown}
 h - 3 scrolls of noise {unknown}
 i - a scroll of blinking {unknown}
Potions
 e - a potion of ambrosia {unknown}
 f - a potion of lignification {unknown}


   Skills:
 + Level 2.5 Fighting
 + Level 3.3 Ranged Weapons
 + Level 2.0 Dodging
 + Level 2.6 Stealth


You had 3 spell levels left.
You didn't know any spells.
Your spell library was empty.

Dungeon Overview and Level Annotations

Branches:
Dungeon (2/15)

Altars:

Shops:
D:1 (*?**

Annotations:
D:2 Natasha


Innate Abilities, Weirdness & Mutations

You are completely covered in rugged brown scales. (AC +3, +7% HP)
Armour fits poorly on your strangely shaped body.
You have a long armoured tail.
You roll when moving toward enemies. (Rampage)
Your long tongue fully drains potion bottles. (2x potion effects)
Your tongue gives you trouble enunciating. (1.5x scroll delay)


Message History

You shoot an arrow. The arrow barely misses Natasha.
Natasha casts a spell at you. The magic dart hits you.
Natasha howls an incantation.
You feel troubled. Natasha casts a spell at you.
You feel yourself slow down.
Fire: a) +0 shortbow
Press: ? - help, Q - select action Shift-Dir - straight line, f/p - Natasha
Aim: Natasha (51% to hit)
You shoot an arrow. The arrow barely misses Natasha.
Natasha claws you but does no damage. x2
c - a +0 falchion (weapon)
Natasha casts a spell at you. The magic dart hits you.
You barely miss Natasha. Natasha claws you but does no damage.
Natasha claws you.
You slash Natasha!
Natasha is heavily wounded.
Natasha casts a spell at you.
The magic dart hits you but does no damage.
You barely miss Natasha.
Natasha is heavily wounded.
Natasha closely misses you.
Natasha casts a spell.
You hit Natasha.
Natasha is severely wounded.
Natasha claws you but does no damage. The white imp gestures at you.
The puff of frost hits you. You resist.
* * * LOW HITPOINT WARNING * * *
Natasha claws you!
* * * LOW HITPOINT WARNING * * *
The white imp barely misses you.
You hit Natasha.
Natasha is almost dead.
Natasha claws you but does no damage. The white imp hits you.
* * * LOW HITPOINT WARNING * * *
The white imp freezes you. You resist.
You die...

.........###....#....
.....................
........###..........
........# #..........
........# #.#........
........# #.†.##.....
........###..### ###+
...........h..#
###...5@†.###...
#....†.†......
#...............
....#####....... ....
....... ... ...###. .
...# ...# ...#


You could see Natasha and a white imp (summoned).

Vanquished Creatures
  Natasha (D:2)
  Robin (D:2)
  2 adders (D:2)
  3 bats
  3 endoplasms
  A giant cockroach (D:1)
  4 goblins
  2 hobgoblins
  3 jackals (D:2)
  2 kobolds (D:1)
  4 ball pythons
  3 frilled lizards (D:1)
  A rat (D:1)
30 creatures vanquished.

Notes
Turn   | Place    | Note
-------+----------+-------------------------------------------
     0 | D:1      | BigDaddyOpFi the Armataur Hunter began the quest for the
                  | Orb.
     0 | D:1      | Reached XP level 1. HP: 18/18 MP: 1/1
    14 | D:1      | Reached skill level 3 in Ranged Weapons
    49 | D:1      | Found a faded altar of an unknown god.
   112 | D:1      | Found Cocram's Assorted Antiques.
   418 | D:1      | Found Calios's Weapon Shoppe.
   445 | D:1      | Reached XP level 2. HP: 25/25 MP: 2/2
   492 | D:1      | Found Mujochut's Assorted Antiques.
   502 | D:1      | Found Syaseumn's Magic Scroll Boutique.
   561 | D:1      | Found Luetin's Assorted Antiques.
  1011 | D:2      | Noticed Robin
  1024 | D:2      | Killed Robin
  1025 | D:2      | Reached XP level 3. HP: 25/31 MP: 3/3
  1228 | D:2      | Noticed Natasha
  1239 | D:2      | Killed Natasha
  1240 | D:2      | Reached XP level 4. HP: 15/39 MP: 4/4
  1262 | D:2      | Noticed Natasha
  1275 | D:2      | Slain by a white imp

Illustrated notes

Levels and vault maps discovered:
D:1:      lightli_arrival_flooded_house, layout_basic, serial_shops,
          nicolae_shop_bloodbath_and_beyond, shop_scrolls,
          nicolae_shop_window_shopping, shop, shop_fountains,
          shapermc_ecumenical_altar_pompeii, hangedman_decor_points,
          amcnicky_mini_pool_small
D:2:      layout_basic, st_stairs_13, uniq_natasha, uniq_robin

Skill      XL: |  1  2  3 |
---------------+----------+-----
Ranged Weapons | 3 |  3.3
Fighting       | 2 |  2.5
Stealth        | 2 |  2.6
Dodging        | 2 |  2.0

Action                     |  1- 3 |  4- 6 || total
---------------------------+-------+-------++-------
  Melee: Dagger            |     6 |       ||     6
         Tailslap          |     7 |     2 ||     9
         Falchion          |    29 |    11 ||    40
   Fire: Shortbow          |    73 |     5 ||    78
    Use: Potion            |     1 |       ||     1
 Armour: Leather armour    |    10 |       ||    10
         Scale mail        |    52 |     9 ||    61
  Dodge: Dodged            |    45 |     8 ||    53

Table legend: (Time is in decaauts)
 A = Elapsed time spent in this place.
 B = Non-inter-level travel time spent in this place.
 C = Inter-level travel time spent in this place.
 D = Time resting spent in this place.
 E = Time spent auto-exploring this place.
 F = Levels seen in this place.
 G = Mean time per level.
                   A        B        C        D        E       F      G
               +--------+--------+--------+--------+--------+-----+--------+
         Total |   1318 |   1306 |     12 |      0 |   1019 |   2 |  659.0 |
       Dungeon |   1318 |   1306 |     12 |      0 |   1019 |   2 |  659.0 |
               +--------+--------+--------+--------+--------+-----+--------+

Top non-repeatable levels by time:
     D:1: 1023 daAuts
     D:2: 295 daAuts
